 Dungeon Crawl Stone Soup version 0.30-a0-4-ga7cffc901d (webtiles) character file.

Game seed: 5408517799913324957

12 ytrimaz the Insei (level 2, 20/21 HPs)
             Began as a Demonspawn Transmuter on Aug 22, 2022.
             Quit the game on level 1 of the Dungeon.
             The game lasted 00:00:37 (737 turns).

ytrimaz the Insei (Demonspawn Transmuter)            Turns: 737, Time: 00:00:37

Health: 20/21      AC:  2    Str: 10    XL:     2   Next: 20%
Magic:  5/5        EV: 12    Int: 14    God:
Gold:   86         SH:  0    Dex: 13    Spells: 4/5 levels left

rFire   . . .      SeeInvis .      - Unarmed
rCold   . . .      Faith    .    (no shield)
rNeg    . . .      Spirit   .    a - +0 robe
rPois   .          Reflect  .    (helmet restricted)
rElec   .          Harm     .    (no cloak)
rCorr   .          Rampage  .    (no gloves)
Will    .....                    (no boots)
Stlth   +.........               (no amulet)
HPRegen 0.07/turn                (no ring)
MPRegen 0.09/turn                (no ring)

@: no status effects
A: antennae 1
a: no special abilities


You were on level 1 of the Dungeon.
You visited 1 branch of the dungeon, and saw 1 of its levels.

You collected 86 gold pieces.

Inventory:

Armour
 a - a +0 robe (worn)


   Skills:
 * Level 1.4 Fighting
 - Level 1.7 Dodging
 + Level 3.1 Unarmed Combat
 - Level 2.0 Spellcasting
 - Level 1.7 Transmutations


You had 4 spell levels left.
You knew the following spells:

 Your Spells              Type           Power      Damage    Failure   Level
a - Beastly Appendage     Tmut           12%        N/A       12%         1

Your spell library contained the following spells:

 Spells                   Type           Power      Damage    Failure   Level
 Wereblood                Tmut           6%         N/A       17%         2
 Spider Form              Tmut/Pois      3%         N/A       45%         3
 Ice Form                 Ice/Tmut       3%         N/A       86%         4


Dungeon Overview and Level Annotations

Branches:
Dungeon (1/15)

Altars:


Innate Abilities, Weirdness & Mutations

You have a pair of small antennae on your head.


Message History

Magic restored.
Your talons disappear.
An endoplasm comes into view.
An endoplasm is nearby!
An endoplasm is nearby!
The endoplasm quivers.
The endoplasm hits you but does no damage.
You hit the endoplasm.
The endoplasm is almost dead.
The endoplasm hits you.
You hit the endoplasm.
You kill the endoplasm!
A giant cockroach comes into view.
A giant cockroach is nearby!
A giant cockroach is nearby!
Found 5 stones.
You miscast Beastly Appendage.
You are very lightly contaminated with residual magic.
Nothing appears to happen.
You closely miss the giant cockroach. The giant cockroach bites you.
The giant cockroach waves its antennae.
The giant cockroach misses you.
You hit the giant cockroach but do no damage.
The giant cockroach barely misses you.
You hit the giant cockroach.
The giant cockroach is moderately wounded.
The giant cockroach bites you but does no damage.
A giant cockroach is nearby!
You hit the giant cockroach.
The giant cockroach is almost dead.
The giant cockroach closely misses you.
You hit the giant cockroach.
You kill the giant cockroach!
Your magical contamination has completely faded away.
You see here a giant cockroach corpse.
You see here 5 stones.
A frilled lizard comes into view.
A frilled lizard is nearby!
You closely miss the frilled lizard. The frilled lizard bites you.
Are you sure you want to abandon this character and quit the game? (Confirm with "yes".)

.# .# #. .#
#. ## #. #
.. # #. #
#. # #l###
# #.@.# #
###.# # #.#
# #.# #
#########(#
#
#....†....#
#
#.#########
#.# #.#


You could see a frilled lizard.

Vanquished Creatures
  A dart slug (D:1)
  An endoplasm (D:1)
  A giant cockroach (D:1)
  A hobgoblin (D:1)
  2 ball pythons (D:1)
  A bat (D:1)
  A frilled lizard (D:1)
  A goblin (D:1)
  A kobold (D:1)
  2 rats (D:1)
12 creatures vanquished.

Notes
Turn   | Place    | Note
-------+----------+-------------------------------------------
     0 | D:1      | ytrimaz the Demonspawn Transmuter began the quest for the
                  | Orb.
     0 | D:1      | Reached XP level 1. HP: 15/15 MP: 3/3
   269 | D:1      | Reached skill level 3 in Unarmed Combat
   335 | D:1      | Gained mutation: You have a pair of small antennae on your
                  | head. [demonic ancestry]
   335 | D:1      | Reached XP level 2. HP: 3/21 MP: 3/5
   737 | D:1      | Quit the game

Illustrated notes

Levels and vault maps discovered:
D:1:      psy_arrival_radial01, layout_loops_ring

Skill      XL: |  1 |
---------------+----+-----
Unarmed Combat | 3 |  3.1
Fighting       | |  1.4
Dodging        | |  1.7
Spellcasting   | |  2.0
Transmutations | |  1.7

Action                   || total
-------------------------++-------
Melee: Unarmed           ||    32
       Kick              ||     5
       Headbutt          ||     1
 Cast: Beastly Appendage ||     8
  Use: Potion            ||     1
Armor: Robe              ||     7
       Skin              ||     1
Dodge: Dodged            ||    20

Table legend: (Time is in decaauts)
 A = Elapsed time spent in this place.
 B = Non-inter-level travel time spent in this place.
 C = Inter-level travel time spent in this place.
 D = Time resting spent in this place.
 E = Time spent auto-exploring this place.
 F = Levels seen in this place.
 G = Mean time per level.
                   A        B        C        D        E       F      G
               +--------+--------+--------+--------+--------+-----+--------+
         Total |    735 |    735 |      0 |    266 |    369 |   1 |  735.0 |
       Dungeon |    735 |    735 |      0 |    266 |    369 |   1 |  735.0 |
               +--------+--------+--------+--------+--------+-----+--------+

Top non-repeatable levels by time:
     D:1: 735 daAuts
